[Event "Team 45 45 League T30"]
[Site "Internet Chess Club"]
[Date "2006.03.31"]
[Round "2"]
[White "clarnibass"]
[Black "Ingo"]
[Result "1/2-1/2"]
[WhiteElo "1706"]
[BlackElo "1646"]
[TimeControl "2700+45"]

1. e4 e6 2. d4 d5 3. Nc3 Nf6 4. e5 Nfd7 5. f4 c5 6. Nf3 Nc6 7. Be3 Qb6 8. Na4
Qa5+ 9. c3 cxd4 10. b4 Qc7 11. Nxd4 a6 12. Bd3 b5 13. Nb2 Be7 14. Qd2 Bb7 15. a4
bxa4 16. Nxa4 Bh4+ 17. g3 Be7 18. O-O O-O 19. Nb3 Na7 20. Nac5 Nxc5 21. Nxc5 Nb5
22. Rfc1 Rfc8 23. Qc2 g6 24. Qe2 Bxc5 25. Bxc5 Qc6 26. Kf2 Rd8 27. Bxb5 axb5 28.
Bd4 Rxa1 29. Rxa1 Ra8 30. Rxa8+ Bxa8 31. Qa2 Bb7 32. Qa5 Qd7 33. Qa7 Qc8 34. Qb6
Qd7 35. Bc5 h6 36. h4 Kg7 37. Qd6 Qc8 {Game drawn by mutual agreement} 1/2-1/2 
aics%

[Event "Team 45 45 League T30"]
[Site "Internet Chess Club"]
[Date "2006.04.01"]
[Round "2"]
[White "JustinSane"]
[Black "Guasto"]
[Result "1-0"]
[WhiteElo "2228"]
[BlackElo "1987"]
[TimeControl "2700+45"]

1. d4 d5 2. Bf4 c5 3. e4 e6 4. Nc3 cxd4 5. Qxd4 Nc6 6. Bb5 Bd7 7. Bxc6 bxc6 8.
Nf3 c5 9. Qd3 d4 10. Ne2 Qb6 11. Ne5 Bb5 12. Nc4 Bxc4 13. Qxc4 Nf6 14. O-O Be7
15. e5 Nd5 16. Qa4+ Kf8 17. Bd2 Rb8 18. Rab1 h5 19. c4 Nc7 20. Ba5 Qa6 21. b4
Rxb4 22. Rxb4 cxb4 23. Nxd4 Qxc4 24. Qd7 Nd5 25. Nc6 Qa6 26. Nxe7 Qxa5 27. Nxd5
Qxd5 28. Qc8+ Ke7 29. Qxh8 Qxa2 30. Rd1 Qa5 31. Qc8 {Black resigns} 1-0  aics%

[Event "Team 45 45 League T30"]
[Site "Internet Chess Club"]
[Date "2006.04.02"]
[Round "2"]
[White "jayes"]
[Black "ROWLAND"]
[Result "1/2-1/2"]
[WhiteElo "1945"]
[BlackElo "1905"]
[TimeControl "2700+45"]

1. e4 e5 2. Nf3 d6 3. Bc4 Be7 4. d3 Nf6 5. Ng5 O-O 6. f4 h6 7. Nf3 Bg4 8. f5 d5
9. exd5 Nxd5 10. O-O Nc6 11. h3 Bc5+ 12. Kh1 Bxf5 13. Bxd5 Qxd5 14. Nc3 Qe6 15.
Ne2 Rad8 16. Qe1 Nd4 17. Nexd4 exd4 18. Qg3 Bd6 19. Qf2 Bxh3 20. gxh3 Qxh3+ 21.
Kg1 Bg3 22. Qg2 Qg4 23. Bd2 Rd6 24. Be1 Rg6 25. Bxg3 Qxg3 26. Qxg3 Rxg3+ 27. Kh2
Rg4 28. Rae1 Rd8 29. Re7 Rd5 30. Ne5 Rg5 31. Re8+ Kh7 32. Nxf7 Rgf5 33. Rxf5
Rxf5 34. Nd8 Rf2+ 35. Kg3 Rxc2 36. Re7 Rxb2 37. Rxc7 Rxa2 38. Rxb7 Ra3 39. Ne6
Rxd3+ 40. Kf4 Kg6 {Game drawn by mutual agreement} 1/2-1/2  aics%

[Event "Team 45 45 League T30"]
[Site "Internet Chess Club"]
[Date "2006.04.01"]
[Round "2"]
[White "fileman"]
[Black "Boromir"]
[Result "1/2-1/2"]
[WhiteElo "1963"]
[BlackElo "1892"]
[TimeControl "2700+45"]

1. e4 c6 2. e5 d5 3. exd6 e5 4. d4 Qxd6 5. dxe5 Qxe5+ 6. Qe2 Bd6 7. Nf3 Qxe2+ 8.
Bxe2 Be6 9. O-O Nf6 10. Nc3 Nbd7 11. Rd1 Bb4 12. Bd2 O-O-O 13. a3 Ba5 14. Ne4
Bxd2 15. Nfxd2 Kc7 16. Bf3 h6 17. Nb3 Bxb3 18. cxb3 Ne5 19. Kf1 Nxf3 20. gxf3
Nxe4 21. fxe4 Rhe8 22. f3 Re6 23. Rxd8 Kxd8 24. Rd1+ Kc7 25. Kf2 Rd6 26. Rxd6
Kxd6 27. f4 g5 28. Ke3 f6 29. b4 Ke6 30. b3 Kd6 31. a4 Ke6 32. Kf3 h5 33. h3 b6
34. Ke3 a6 35. Kf3 Kd6 36. Ke3 a5 37. bxa5 bxa5 38. Kf3 Ke6 39. Ke3 Kd6 40. Kf3
Ke6 41. Ke3 Kd6 42. Kf3 {Game drawn by repetition} 1/2-1/2  aics%

[Event "Team 45 45 League T30"]
[Site "Internet Chess Club"]
[Date "2006.04.04"]
[Round "2"]
[White "JohnnySP"]
[Black "Malcolm"]
[Result "0-1"]
[WhiteElo "1785"]
[BlackElo "1628"]
[TimeControl "2700+45"]

1. e4 e5 2. Nf3 d5 3. exd5 Bd6 4. d4 e4 5. Ne5 Nf6 6. Bb5+ c6 7. dxc6 bxc6 8.
Nxc6 Qb6 9. c4 Bd7 10. Ne5 Bxb5 11. cxb5 Qxb5 12. Nc3 Bb4 13. Bd2 Bxc3 14. bxc3
O-O 15. c4 Qb2 16. Be3 Qc3+ 17. Ke2 Nbd7 18. Rc1 Qa3 19. Nxd7 Nxd7 20. Qb3 Qa6
21. a3 Rab8 22. Qa2 Qg6 23. g3 Qh5+ 24. Kd2 Rfd8 25. Ke1 a5 26. Qe2 Qf5 27. g4
Qe6 28. h3 Rb3 29. Kf1 Rxa3 30. Kg1 a4 31. Kg2 Rb8 32. Rc2 Rbb3 33. Rhc1 f5 34.
c5 fxg4 35. Qxg4 Qc6 36. Qg5 Nf6 37. Kg1 Nd5 38. Qd8+ Kf7 39. Qd6 Qxd6 40. cxd6
Ke6 41. Rc6 Rc3 42. R1xc3 Rxc3 43. Ra6 Nxe3 44. fxe3 Rxe3 45. Rxa4 Rxh3 46. d5+
Kxd6 47. Rxe4 Kxd5 48. Re7 g5 49. Kg2 g4 50. Rg7 h5 51. Re7 Kd4 52. Re8 Re3 53.
Rh8 Re5 54. Kg3 Ke4 55. Rg8 Ke3 56. Rf8 Ke2 57. Rf7 Re3+ 58. Kg2 h4 59. Rf2+ Kd3
60. Rf4 Re2+ 61. Kg1 Re4 62. Rf8 h3 63. Rg8 Ke3 64. Kh2 Kf3 65. Ra8 Re2+ 66. Kh1
Re1+ 67. Kh2 g3+ 68. Kxh3 Rh1# {White checkmated} 0-1  aics%

[Event "Team 45 45 League T30"]
[Site "Internet Chess Club"]
[Date "2006.04.02"]
[Round "2"]
[White "bobhill"]
[Black "Allessia"]
[Result "0-1"]
[WhiteElo "2026"]
[BlackElo "2111"]
[TimeControl "2700+45"]

1. d4 Nf6 2. Nf3 c5 3. d5 d6 4. c3 a6 5. Bg5 e6 6. e4 Be7 7. Nbd2 Nxd5 8. exd5
Bxg5 9. Ne4 Be7 10. Qa4+ Bd7 11. Qb3 b5 12. O-O-O O-O 13. h4 e5 14. Qc2 f5 15.
Neg5 h6 16. Ne6 Bxe6 17. dxe6 Qc8 18. g4 Qxe6 19. g5 e4 20. Be2 Qxa2 21. gxh6
gxh6 22. Qd2 Kh7 23. Ng5+ hxg5 24. hxg5+ Kg8 25. g6 Bf6 26. Qh6 Ra7 27. Rxd6
Bg5+ 28. Qxg5 Qa1+ 29. Kc2 Qxh1 30. Rd8 Qh2 31. Rxf8+ Kxf8 32. Qxf5+ Kg7 33.
Qxc5 Rd7 34. Bg4 Qd6 35. Qh5 Qd3+ 36. Kc1 Qd5 37. Qh7+ Kf6 38. Bxd7 Nxd7 39. g7
Qg5+ 40. Kd1 Qxg7 41. Qxe4 Ne5 42. Qd4 Qd7 43. Qxd7 Nxd7 44. Kc2 Ke5 45. Kb3 a5
46. f3 Kf4 47. c4 Nc5+ 48. Kc3 b4+ 49. Kd4 a4 50. Kxc5 a3 51. b3 a2 52. Kxb4
a1=Q 53. c5 Kxf3 54. Kb5 Ke4 55. b4 Qa8 56. Kb6 Qb8+ 57. Ka6 Qxb4 58. c6 Qb8
{White resigns} 0-1  aics%

[Event "Team 45 45 League T30"]
[Site "Internet Chess Club"]
[Date "2006.04.01"]
[Round "2"]
[White "adingod"]
[Black "nightflier"]
[Result "0-1"]
[WhiteElo "1996"]
[BlackElo "2034"]
[TimeControl "2700+45"]

1. d4 Nf6 2. Nc3 d5 3. Bg5 e6 4. Nf3 c5 5. e4 dxe4 6. Nxe4 cxd4 7. Bb5+ Bd7 8.
Bxd7+ Nbxd7 9. Qxd4 Qa5+ 10. c3 Nxe4 11. Qxe4 Qa6 12. Rd1 f6 13. Bf4 O-O-O 14.
Qe2 Qxe2+ 15. Kxe2 e5 16. Be3 Be7 17. Rd2 Nc5 18. Rhd1 a6 19. Nh4 g6 20. g4 Ne6
21. Bb6 Nf4+ 22. Ke3 Rxd2 23. Rxd2 h5 24. gxh5 Rxh5 25. Nf3 Rh3 26. Ke4 f5+ 27.
Kxe5 {White resigns} 0-1  aics%

[Event "Team 45 45 League T30"]
[Site "Internet Chess Club"]
[Date "2006.04.04"]
[Round "2"]
[White "baumhauer"]
[Black "Div-anand"]
[Result "1-0"]
[WhiteElo "1958"]
[BlackElo "1893"]
[TimeControl "2700+45"]

1. d4 Nf6 2. c4 g6 3. Nc3 Bg7 4. e4 d6 5. f3 O-O 6. Be3 e5 7. Qd2 Nc6 8. d5 Nd4
9. Nge2 Nxe2 10. Bxe2 Ne8 11. h4 f5 12. Bg5 Qd7 13. h5 f4 14. hxg6 hxg6 15.
O-O-O Nf6 16. g3 Nh5 17. gxf4 Nxf4 18. Rdg1 Qe8 19. Bd1 Bd7 20. Qh2 Nh3 21. Rg3
Nxg5 22. Rxg5 Rf6 23. Qh7+ Kf7 24. f4 Qh8 25. fxe5 dxe5 26. Rg3 Qxh7 27. Rxh7 a6
28. Rh2 Rh8 29. Rxh8 Bxh8 30. b4 Bg7 31. Ba4 Bh6+ 32. Kd1 Bc8 33. Ke2 Rf4 34. c5
Bg4+ 35. Ke1 Bg5 36. Rg1 Bh4+ 37. Kd2 Bh5 38. Bd1 Rf2+ 39. Ke3 Bxd1 40. Rxd1 Rb2
41. Rf1+ Kg7 42. a3 Bg5+ 43. Kd3 Rh2 44. Kc4 Bf4 45. d6 c6 46. Rd1 Rd2 47. Rxd2
Bxd2 48. Na4 Kf7 49. Nb6 Bg5 50. Kd3 Ke6 51. Ke2 Bc1 52. Nc4 Bg5 53. Kd1 Bd8 54.
Na5 Bxa5 55. bxa5 Kf6 56. Ke2 Ke6 57. Kf3 {Black resigns} 1-0  aics%

[Event "Team 45 45 League T30"]
[Site "Internet Chess Club"]
[Date "2006.04.02"]
[Round "2"]
[White "daechine"]
[Black "room-matt"]
[Result "1-0"]
[WhiteElo "1914"]
[BlackElo "1829"]
[TimeControl "2700+45"]

1. e4 e5 2. Nc3 Nc6 3. f4 exf4 4. Nf3 g5 5. Bc4 g4 6. O-O gxf3 7. Qxf3 Bc5+ 8.
Kh1 Bd6 9. Nd5 Qh4 10. g3 Qh6 11. e5 fxg3 12. Qxg3 Bxe5 13. Re1 Kf8 14. Rxe5
Nxe5 15. Qxe5 f6 16. Qxc7 Qh5 17. Qf4 Qd1+ 18. Kg2 Qxc2 19. Nxf6 Qg6+ 20. Kh1
Nxf6 21. d3 Ke7 22. Qe5+ Kf8 23. Qd6+ Ke8 24. Qe5+ Kd8 25. Bg5 Rf8 26. Rf1 Qe8
27. Bxf6+ Rxf6 28. Qxf6+ Kc7 29. Rc1 Qe3 30. Qf1 Kb8 31. Re1 Qd4 32. Re4 Qc5 33.
Qf4+ d6 34. Re8 a5 35. Re7 Ka7 36. Rxh7 Bf5 37. Rf7 Bc8 38. Rf6 b5 39. Bb3 Bb7+
40. Qf3 Bxf3+ 41. Rxf3 Qd5 42. Bxd5 {Black resigns} 1-0  aics%

[Event "Team 45 45 League T30"]
[Site "Internet Chess Club"]
[Date "2006.04.02"]
[Round "2"]
[White "Avedldesierto"]
[Black "Ghostblaster"]
[Result "1-0"]
[WhiteElo "1716"]
[BlackElo "1710"]
[TimeControl "2700+45"]

1. e4 c5 2. Nf3 d6 3. d4 cxd4 4. Nxd4 Nf6 5. Nc3 a6 6. Be3 e6 7. a3 b5 8. Bd3
Be7 9. Nf3 Bb7 10. O-O Nbd7 11. b4 Rc8 12. Bd2 O-O 13. a4 bxa4 14. Rxa4 Nb6 15.
Ra2 Nc4 16. Qe2 Qc7 17. Bg5 h6 18. Bf4 Nh5 19. Bc1 Bf6 20. Nd1 d5 21. e5 Nxe5
22. Nxe5 Qxe5 23. Qxe5 Bxe5 24. Bxa6 Bxa6 25. Rxa6 Rxc2 26. Ne3 Rc7 27. b5 Nf4
28. Bd2 Rb7 29. Rb1 Rfb8 30. b6 Bd4 31. Nc2 Ne2+ 32. Kf1 Nc3 33. Rb3 Ne4 34. Bf4
e5 35. Nxd4 exf4 36. Rb2 Nd6 37. Nc6 Rc8 38. Rc2 Nc4 39. Ra7 Rxa7 40. bxa7 Kf8
41. Nb8 {Black resigns} 1-0  aics%

[Event "Team 45 45 League T30"]
[Site "Internet Chess Club"]
[Date "2006.04.03"]
[Round "2"]
[White "autobot"]
[Black "Klowe"]
[Result "0-1"]
[WhiteElo "1590"]
[BlackElo "1619"]
[TimeControl "2700+45"]

1. d4 Nf6 2. Nf3 g6 3. c4 Bg7 4. Nc3 O-O 5. Bg5 d6 6. e3 a6 7. Be2 Qe8 8. Bxf6
exf6 9. O-O Nd7 10. Rc1 f5 11. b4 Nf6 12. Bd3 Qd8 13. a3 Re8 14. Nd2 Nh5 15. Be2
Nf6 16. Bd3 Ng4 17. Be2 c6 18. Bxg4 fxg4 19. Nde4 Bf5 20. Ng3 Bd7 21. Nge2 Qg5
22. Nf4 h5 23. g3 h4 24. d5 hxg3 25. fxg3 Rxe3 26. Qd2 Rae8 27. dxc6 Bxc6 28.
Ncd5 R3e4 29. Nc7 Bd4+ 30. Kh1 Re2+ {White resigns} 0-1  aics%

[Event "Team 45 45 League T30"]
[Site "Internet Chess Club"]
[Date "2006.04.05"]
[Round "2"]
[White "caalan"]
[Black "BenjaminSisko"]
[Result "1/2-1/2"]
[WhiteElo "1569"]
[BlackElo "1579"]
[TimeControl "2700+45"]

1. d4 Nf6 2. c4 e6 3. g3 Bb4+ 4. Bd2 Qe7 5. Nf3 Ne4 6. Bg2 Nxd2 7. Nbxd2 c5 8.
a3 Bxd2+ 9. Qxd2 cxd4 10. Qxd4 O-O 11. Rd1 Nc6 12. Qd3 Qf6 13. Nd4 Ne5 14. Qb3
Rb8 15. O-O b6 16. f4 Ng4 17. Qf3 Nh6 18. e4 Bb7 19. Nb5 Qxb2 20. Rf2 Qf6 21.
Rxd7 a6 22. Nc3 e5 23. Nd5 Qe6 24. Rd2 Kh8 25. Re7 Qc8 26. Rxe5 Qxc4 27. Nxb6
Qc1+ 28. Qd1 Qxa3 29. Rd3 Qa2 30. Nd7 Bd5 31. Rexd5 Rb1 32. Nxf8 Rxd1+ 33. Rxd1
g6 34. Rd8 Kg7 35. R8d2 Qa3 36. Nd7 a5 37. e5 Ng4 38. Rd3 Qb2 39. R1d2 Qb1+ 40.
Bf1 a4 41. h3 Nh6 42. Nf6 Nf5 43. Kf2 Qb6+ 44. Ke2 Qg1 45. Ne4 Qb6 46. g4 Ne7
47. Nc3 Qb4 48. Ke3 Qc5+ 49. Kf3 a3 50. Ne4 Qc1 51. Bg2 Qa1 52. Nc3 Qc1 53. Ra2
Nc6 54. Ne2 Qc4 55. Raxa3 Nb4 56. Rd4 Qc5 57. Rc3 Qa5 58. Rdc4 Na2 59. Rc2 Nb4
60. R2c3 {Game drawn by mutual agreement} 1/2-1/2  aics%

[Event "Team 45 45 League T30"]
[Site "Internet Chess Club"]
[Date "2006.04.09"]
[Round "2"]
[White "mrmarck"]
[Black "Tomate"]
[Result "1-0"]
[WhiteElo "1428"]
[BlackElo "1431"]
[TimeControl "2700+45"]

1. e4 e5 2. Nf3 Nc6 3. Bb5 a6 4. Ba4 Nf6 5. Nc3 b5 6. Bb3 Be7 7. d3 O-O 8. Nd5
d6 9. h3 Bb7 10. Nxf6+ Bxf6 11. Bd5 Rb8 12. g4 Nd4 13. Bxb7 Nxf3+ 14. Qxf3 Rxb7
15. Rg1 Bg5 16. Bxg5 Qxg5 17. Qf5 Qe7 18. g5 g6 19. Qf3 c5 20. h4 c4 21. b4 d5
22. Rg4 Qxb4+ 23. Ke2 Qb2 24. Rd1 Qxc2+ 25. Rd2 Qa4 26. exd5 c3 27. Rxa4 cxd2
28. Rxa6 {Black resigns} 1-0  aics%

[Event "Team 45 45 League T30"]
[Site "Internet Chess Club"]
[Date "2006.04.01"]
[Round "2"]
[White "mickeys"]
[Black "RD1974"]
[Result "1-0"]
[WhiteElo "1713"]
[BlackElo "1656"]
[TimeControl "2700+45"]

1. d4 Nf6 2. c4 e6 3. a3 d5 4. Nc3 b6 5. Bg5 Be7 6. Nf3 h6 7. Bh4 O-O 8. e3 Bb7
9. Bd3 c5 10. cxd5 Nxd5 11. Bxe7 Qxe7 12. O-O Nd7 13. Qe2 a6 14. Rac1 b5 15. Qc2
c4 16. Be2 Rfc8 17. Nd2 b4 18. axb4 Nxb4 19. Qb1 Nb6 20. b3 cxb3 21. Nxb3 N6d5
22. Nc5 Bc6 23. Nxd5 Nxd5 24. Bxa6 Rcb8 25. Qd3 Qg5 26. Ne4 Qf5 27. Ng3 Qxd3 28.
Bxd3 Bb5 29. Bxb5 Rxb5 30. Ne4 Rb2 31. Rb1 Raa2 32. Rxb2 Rxb2 33. Rc1 Kh7 34. g4
Kg6 35. Re1 f5 36. gxf5+ exf5 37. Nc5 Nc3 38. Kg2 Ne4 39. Nxe4 fxe4 40. Rd1 Kf6
41. Rc1 Rb6 42. Rc5 Re6 43. Kg3 g5 44. Kg4 Kg6 45. d5 Rf6 46. Rc6 h5+ 47. Kg3
Kf7 48. Rc7+ Ke8 49. Rg7 Rf5 50. d6 Rd5 51. d7+ Rxd7 52. Rxg5 Rh7 53. Re5+ Re7
54. Rxe7+ Kxe7 55. Kf4 Ke6 56. Kxe4 Kf6 57. f4 h4 58. Kf3 Kf5 59. e4+ {Black
resigns} 1-0  aics%

[Event "Team 45 45 League T30"]
[Site "Internet Chess Club"]
[Date "2006.04.01"]
[Round "2"]
[White "Rainbird"]
[Black "nursey"]
[Result "1-0"]
[WhiteElo "1684"]
[BlackElo "1658"]
[TimeControl "2700+45"]

1. d4 d5 2. c4 dxc4 3. Nf3 Nf6 4. e3 e6 5. Bxc4 Nbd7 6. Nc3 Nb6 7. Bd3 Bd6 8. e4
Ng4 9. h3 Nh6 10. Ng5 Bb4 11. O-O O-O 12. e5 Nf5 13. Be3 Nxe3 14. Bxh7+ Kh8 15.
Qh5 Qxg5 16. Qxg5 Nxf1 17. Qh5 Rd8 18. Bg6+ Kg8 19. Qh7+ Kf8 20. Qh8+ Ke7 21.
Qxg7 Rf8 22. Rxf1 Nc4 23. Nb5 Ba5 24. Rc1 Nxb2 25. Qf6+ Kd7 26. Bxf7 Nd3 27.
Qxe6+ Kd8 28. Qf6+ Kd7 29. e6# {Black checkmated} 1-0  aics%

[Event "Team 45 45 League T30"]
[Site "Internet Chess Club"]
[Date "2006.04.02"]
[Round "2"]
[White "peatmoss"]
[Black "clarinetref"]
[Result "0-1"]
[WhiteElo "1501"]
[BlackElo "1625"]
[TimeControl "2700+45"]

1. e4 d6 2. d4 Nf6 3. Nc3 g6 4. f4 Bg7 5. e5 Ng4 6. Be2 Nh6 7. Nf3 O-O 8. O-O
Nd7 9. Be3 Nf5 10. Qd2 Nxe3 11. Qxe3 c5 12. Rad1 a6 13. Rf2 b5 14. Ne4 cxd4 15.
Nxd4 dxe5 16. Nc6 Qe8 17. fxe5 Nxe5 18. Rd8 Qxc6 19. Rxf8+ Kxf8 20. Ng5 Kg8 21.
Bf3 Nxf3+ 22. Rxf3 Bf6 23. Ne4 Bf5 {White resigns} 0-1  aics%

[Event "Team 45 45 League T30"]
[Site "Internet Chess Club"]
[Date "2006.04.03"]
[Round "2"]
[White "Just-Jim"]
[Black "mal57"]
[Result "1-0"]
[WhiteElo "1414"]
[BlackElo "1455"]
[TimeControl "2700+45"]

1. Nf3 c5 2. e4 Nc6 3. Bc4 a6 4. Ng5 e6 5. d3 Be7 6. Nf3 b5 7. Bb3 Na5 8. c3 c4
9. dxc4 bxc4 10. Ba4 Nf6 11. Bc2 Bb7 12. Nbd2 d5 13. e5 Ne4 14. O-O O-O 15. Re1
Ng5 16. Nxg5 Bxg5 17. Nf3 Be7 18. b4 Nc6 19. a4 Qc7 20. Bb2 f6 21. exf6 Rxf6 22.
Ng5 Nd8 23. Bxh7+ Kh8 24. Bc2 Rh6 25. Nh3 Nf7 26. Bc1 Ng5 27. Bxg5 Bxg5 28. Qg4
Bf6 29. Rxe6 Qf7 30. Re3 Bc8 31. Bf5 Bxf5 32. Qxf5 g6 33. Qf4 Rg8 34. Qxh6+
{Black resigns} 1-0  aics%

[Event "Team 45 45 League T30"]
[Site "Internet Chess Club"]
[Date "2006.04.02"]
[Round "2"]
[White "MiroslavR"]
[Black "billarvola"]
[Result "0-1"]
[WhiteElo "1987"]
[BlackElo "2020"]
[TimeControl "2700+45"]

1. e4 e5 2. Nf3 Nc6 3. Bb5 a6 4. Ba4 Nf6 5. d3 d6 6. c3 Be7 7. Nbd2 Bd7 8. Nf1
O-O 9. Ng3 Re8 10. O-O h6 11. h3 Bf8 12. Nh2 d5 13. Qf3 Be6 14. Nf5 Kh7 15. Bxc6
bxc6 16. Be3 g6 17. Ng3 Bg7 18. Rfd1 Qb8 19. Rd2 Nd7 20. Rc2 Rf8 21. Bd2 f5 22.
exf5 Bxf5 23. Nxf5 Rxf5 24. Qe3 Qb6 25. Re1 Raf8 26. f3 h5 27. Nf1 Bh6 28. Qxb6
cxb6 29. Bxh6 Kxh6 30. Rce2 Rf4 31. Nd2 Nc5 32. Nb3 Nxd3 33. Rd1 e4 34. fxe4
dxe4 35. Nd4 R4f6 36. Rxe4 Nxb2 37. Rd2 Nc4 38. Nf5+ Rxf5 39. Rxc4 R5f6 40. a4
b5 41. Re4 Rf1+ 42. Kh2 Rc1 43. axb5 axb5 44. Re3 h4 45. Rd4 Kh5 46. Re5+ g5 47.
Rg4 Rg8 48. Rc5 Rg6 49. Re4 Rd6 50. Rg4 Rd5 51. Rxd5 cxd5 52. Rb4 Rxc3 53. Rxb5
Rd3 54. Rb6 g4 55. hxg4+ Kxg4 56. Rg6+ Kf5 57. Rh6 Rd4 58. Kg1 Rf4 59. Ra6 Ke4
60. Ra4+ d4 61. Ra8 Ke3 62. Re8+ Kd2 63. Rc8 d3 64. Kh2 Kd1 65. Kh3 d2 66. g4
hxg3 67. Kxg3 Rf5 68. Kg4 Rf1 69. Kg3 Ke2 70. Re8+ Kd3 71. Rd8+ Kc3 {White
resigns} 0-1  aics%

[Event "Team 45 45 League T30"]
[Site "Internet Chess Club"]
[Date "2006.03.31"]
[Round "2"]
[White "Vitruvian"]
[Black "kabindra"]
[Result "1-0"]
[WhiteElo "1948"]
[BlackElo "1809"]
[TimeControl "2700+45"]

1. e4 e5 2. Bc4 Bc5 3. Nf3 Nc6 4. d3 Nf6 5. Nc3 h6 6. O-O d6 7. h3 a6 8. Be3
Bxe3 9. fxe3 Na5 10. Bb3 Nxb3 11. axb3 O-O 12. Qe1 Nh5 13. Ne2 c6 14. Ng3 Nf6
15. Nh4 d5 16. exd5 Nxd5 17. Ngf5 Qg5 18. Rf3 Bxf5 19. Nxf5 g6 20. Nd6 Qe7 21.
Ne4 f5 22. Nc3 e4 23. dxe4 fxe4 24. Rxf8+ Rxf8 25. Qg3 Kg7 26. Ra4 Nxc3 27. bxc3
Rd8 28. Qg4 Re8 29. Rd4 Qe5 30. Qd7+ Re7 31. Qd6 Qxd6 32. Rxd6 Kf7 33. Kf2 h5
34. Kg3 g5 35. h4 Re5 36. Rd7+ Re7 37. Rd4 Kf6 38. Rd6+ Kf5 39. Rh6 gxh4+ 40.
Kxh4 Rg7 41. Rxh5+ Kf6 42. g4 Kg6 43. Re5 Kf6 44. Rxe4 Rh7+ 45. Kg3 Rd7 46. Rf4+
Kg5 47. Rf5+ Kg6 48. Rf2 a5 49. Rf5 Re7 50. Kf4 Rf7 51. Ke4 Rxf5 52. gxf5+ Kf6
53. Kd4 b5 54. e4 Ke7 55. c4 Kd6 56. e5+ Kc7 57. cxb5 cxb5 58. Kc5 a4 59. bxa4
bxa4 60. Kb4 {Black resigns} 1-0  aics%

[Event "Team 45 45 League T30"]
[Site "Internet Chess Club"]
[Date "2006.04.02"]
[Round "2"]
[White "Legal"]
[Black "Nomad"]
[Result "0-1"]
[WhiteElo "2046"]
[BlackElo "1968"]
[TimeControl "2700+45"]

1. d4 Nf6 2. Nc3 d5 3. e4 Nxe4 4. Nxe4 dxe4 5. Bc4 e6 6. f3 e3 7. Bxe3 c5 8.
dxc5 Qh4+ 9. Bf2 Qxc4 10. Ne2 Bxc5 11. O-O Bxf2+ 12. Rxf2 O-O 13. Nc3 Qc5 14.
Ne4 Qb6 15. Rb1 f5 16. Nc3 Nc6 17. Qe1 e5 18. Kh1 Be6 19. Re2 Rad8 20. a3 Bc4
21. Re3 Rf6 22. Na4 Qc7 23. Nc3 a6 24. Rc1 Rfd6 25. Qh4 Rd4 26. Qg5 Qf7 27. Ree1
Rd2 28. Qh4 Kh8 29. h3 Qg6 30. Rg1 R8d4 31. Qe1 h5 32. b3 Bd5 33. Nb1 Rxg2 34.
Rxg2 Bxf3 35. Qf2 Bxg2+ 36. Qxg2 Qxg2+ 37. Kxg2 g6 38. Kf2 Kg7 39. Ke3 Rh4 40.
Rh1 Nd4 41. Kd3 b5 42. Nd2 Kf6 43. c3 Ne6 44. Nf3 Nf4+ 45. Ke3 Rxh3 46. Rxh3
Nxh3 47. c4 bxc4 48. bxc4 Nf4 49. c5 Nd5+ 50. Kf2 g5 51. c6 e4 52. Nd4 Ke5 53.
Ne2 h4 54. Nc3 Nc7 55. Ke3 f4+ 56. Kf2 g4 57. Ne2 e3+ 58. Kg1 f3 59. Nc1 g3 60.
a4 Kd4 61. a5 e2 62. Nb3+ Kc3 {White resigns} 0-1  aics%

[Event "Team 45 45 League T30"]
[Site "Internet Chess Club"]
[Date "2006.03.29"]
[Round "2"]
[White "Squaredance"]
[Black "jonesey"]
[Result "1-0"]
[WhiteElo "1936"]
[BlackElo "1982"]
[TimeControl "2700+45"]

1. d4 Nf6 2. Nf3 c5 3. e3 e6 4. c3 b6 5. Bd3 Bb7 6. Nbd2 d5 7. O-O Be7 8. Qe2
Ne4 9. Nxe4 dxe4 10. Bb5+ Kf8 11. Ne5 f6 12. f4 fxe5 13. fxe5+ Kg8 14. Qg4 Qc8
15. Bc4 {Black resigns} 1-0  aics%

[Event "Team 45 45 League T30"]
[Site "Internet Chess Club"]
[Date "2006.04.05"]
[Round "2"]
[White "tourettes"]
[Black "forketta"]
[Result "0-1"]
[WhiteElo "1750"]
[BlackElo "1941"]
[TimeControl "2700+45"]

1. e4 c5 2. Nc3 Nc6 3. g3 g6 4. Bg2 Bg7 5. Nge2 d6 6. O-O Nf6 7. d3 O-O 8. h3
Rb8 9. Be3 b5 10. Qd2 b4 11. Nd1 a5 12. Bh6 Bxh6 13. Qxh6 Nd4 14. Nxd4 cxd4 15.
Qd2 Qc7 16. c3 bxc3 17. bxc3 dxc3 18. Nxc3 Ba6 19. Rfc1 Qd8 20. Kh2 Nd7 21. g4
Ne5 22. d4 Nc4 23. Qe1 e6 24. Bf1 Qf6 25. Ne2 Rb2 26. Kg3 Nd2 27. Bg2 Nxe4+ 28.
Bxe4 Rxe2 29. Qxe2 Bxe2 30. Re1 Qxd4 31. Bg2 Bc4 32. Rad1 Qc5 33. Rc1 d5 34. Rc2
Qd6+ 35. Kh4 Qf4 36. Re3 Kg7 37. Rf3 Qd6 38. g5 h5 39. a3 a4 40. Rd2 Bb3 41. Rd4
Qxa3 42. Bf1 Qa1 {White resigns} 0-1  aics%

[Event "Team 45 45 League T30"]
[Site "Internet Chess Club"]
[Date "2006.04.01"]
[Round "2"]
[White "houseofcook"]
[Black "fuzzface"]
[Result "1/2-1/2"]
[WhiteElo "1340"]
[BlackElo "1337"]
[TimeControl "2700+45"]

1. e4 e5 2. Nf3 d6 3. d4 Bg4 4. dxe5 Bxf3 5. Qxf3 dxe5 6. Bc4 Qf6 7. Qb3 b6 8.
O-O Bd6 9. Nc3 Ne7 10. Nb5 O-O 11. Nxd6 cxd6 12. Be3 Nec6 13. Bd5 Rc8 14. c3 Nd7
15. Qa4 Nc5 16. Bxc5 dxc5 17. Rad1 a6 18. Qc2 Ra7 19. Bxc6 Rxc6 20. Rd5 Rd6 21.
Rxd6 Qxd6 22. Rd1 Qe7 23. Qe2 Ra8 24. h3 a5 25. Qb5 Rd8 26. Rxd8+ Qxd8 27. Kh2
h6 28. Qc6 Qf6 29. Qxf6 gxf6 30. c4 Kg7 31. a4 Kg6 32. g4 Kg5 33. Kg3 Kg6 34. f4
Kh7 35. f5 Kg7 36. Kh4 Kh7 37. Kh5 Kg7 38. Kh4 Kh7 39. Kh5 Kg7 {Game drawn by
mutual agreement} 1/2-1/2  aics%

[Event "Team 45 45 League T30"]
[Site "Internet Chess Club"]
[Date "2006.04.01"]
[Round "2"]
[White "klt713"]
[Black "EyeAm"]
[Result "1-0"]
[WhiteElo "1299"]
[BlackElo "1266"]
[TimeControl "2700+45"]

1. d4 f5 2. c4 Nf6 3. Nc3 g6 4. Nf3 d6 5. Bg5 Bg7 6. e3 O-O 7. Be2 Nbd7 8. O-O
Qe8 9. Nd2 e5 10. dxe5 dxe5 11. Nb5 Qd8 12. e4 a6 13. Nc3 f4 14. Nf3 c6 15. Qc2
Qe8 16. Rad1 Nc5 17. b4 Ne6 18. c5 h6 19. Bxf6 Bxf6 20. Bc4 Kg7 21. Qb1 Qe7 22.
Bxe6 Bxe6 23. Rd6 Rad8 24. Rfd1 Rxd6 25. Rxd6 Rd8 26. Rxd8 Qxd8 27. Qd1 Qxd1+
28. Nxd1 Bg4 29. Nc3 Bxf3 30. gxf3 h5 31. Kf1 g5 32. h3 Kg6 33. Na4 Bd8 34. Nb2
Kf6 35. Nc4 b5 36. cxb6 Bxb6 37. Nxb6 Ke6 38. Na4 Kd6 39. Nc5 a5 40. Nb7+ Kc7
41. Nxa5 Kb6 42. a4 Ka6 43. Nxc6 Kb6 44. Nxe5 {Black resigns} 1-0  aics%

[Event "Team 45 45 League T30"]
[Site "Internet Chess Club"]
[Date "2006.04.02"]
[Round "2"]
[White "arconia"]
[Black "DayDream01"]
[Result "1-0"]
[WhiteElo "1380"]
[BlackElo "1139"]
[TimeControl "2700+45"]

1. e4 e5 2. Nc3 Nf6 3. Bc4 c6 4. Nge2 b5 5. Bb3 d5 6. d4 Bd6 7. exd5 b4 8. Nb1
Nxd5 9. c4 bxc3 10. Nbxc3 Nxc3 11. bxc3 O-O 12. O-O Nd7 13. Qc2 Ba6 14. f4 exd4
15. cxd4 Nf6 16. Bb2 Ng4 17. Rf3 Re8 18. Ng3 Bb7 19. Qc3 c5 20. dxc5 Bxf3 21.
Qxg7# {Black checkmated} 1-0  aics%

[Event "Team 45 45 League T30"]
[Site "Internet Chess Club"]
[Date "2006.04.03"]
[Round "2"]
[White "ffplayer"]
[Black "WzeroMN"]
[Result "1/2-1/2"]
[WhiteElo "1133"]
[BlackElo "1152"]
[TimeControl "2700+45"]

1. e4 e5 2. Nf3 Nc6 3. Bb5 a6 4. Ba4 b5 5. Bb3 Nf6 6. d3 Be7 7. a3 O-O 8. O-O d5
9. Nc3 d4 10. Ne2 Qd6 11. Ng3 b4 12. Nf5 Bxf5 13. exf5 a5 14. Ng5 a4 15. Bxf7+
Rxf7 16. Nxf7 Kxf7 17. Qf3 Qd5 18. Qh3 Kg8 19. Bg5 bxa3 20. bxa3 Nd7 21. f6 Bxf6
22. Qg3 Bxg5 23. Qxg5 Nf6 24. h4 Qf7 25. Rfe1 Re8 26. f4 exf4 27. Rxe8+ Qxe8 28.
Qxf4 Qe5 29. Qf3 Qe3+ 30. Qf2 Qxf2+ 31. Kxf2 Kf7 {Game drawn by mutual
agreement} 1/2-1/2  aics%

[Event "Team 45 45 League T30"]
[Site "Internet Chess Club"]
[Date "2006.03.31"]
[Round "2"]
[White "engeln"]
[Black "SargentBono"]
[Result "0-1"]
[WhiteElo "1436"]
[BlackElo "1481"]
[TimeControl "2700+45"]

1. d4 d5 2. c4 Nc6 3. cxd5 Qxd5 4. Nf3 e5 5. Nc3 Bb4 6. e3 exd4 7. exd4 Nf6 8.
Bd2 Bxc3 9. Bxc3 O-O 10. Be2 Re8 11. O-O Bg4 12. b3 Ne4 13. Bc4 Nxc3 14. Bxd5
Nxd1 15. Raxd1 Rad8 16. Bxc6 bxc6 17. Ne5 Bxd1 18. Rxd1 Rxe5 19. f4 Red5 20. g3
Rxd4 21. Rc1 Rd1+ 22. Rxd1 Rxd1+ 23. Kg2 Rd2+ 24. Kh3 Rxa2 {White resigns} 0-1 
aics%